Unix NetHack Version 5.0.0-0 post-release - last build May 31 2026 23:59:36 (970b52f25bf058293b47ddfd14a1e40e571c508c,branch:main).

Game began 2026-06-06 04:32:12, ended 2026-06-06 04:40:08.

Eisengrim, chaotic male elven Wizard

       --------
       |......|              ----
       |......|              |..0|
       |......+              |0..|
       |...<..|         ##----..^|
       -----.--          #|..00..|
            #####        #......0|
                #        #|00^...|
                ###      #--------
                  #     ####
          --------.-----#  #####       ---.-------
          |............|#      ####    |.........|
          |.............#         #    |........[.
          |............|          #    |.......(.|
          --------------          #### |..........
                                     # |.........|
                                     ##f@d.......|
                                       -----------

Eisengrim the Conjurer    St:13 Dx:12 Co:13 In:19 Wi:10 Ch:10  Chaotic
Dlvl:5  $:62 HP:0(20) Pw:6(21) AC:8  Xp:3 T:1409  Hungry  

Latest messages:
 You see here a giant bat corpse.
 Where do you want to travel to?
 (For instructions type a '?')
 What do you want to eat? [ps or ?*]
 You don't have that object.
 What do you want to eat? [ps or ?*]
 Blecch!  Rotten food!
 You descend the stairs.
 The large kobold just misses!
 You kill the large kobold!
 You swap places with your kitten.
 You swap places with your kitten.
 The manes hits!
 The manes hits again!
 The manes bites!
 You hit the manes.
 The manes hits!
 The manes hits again!
 The manes bites!
 You destroy the manes!
 You are beginning to feel hungry.
 Pick a monster, object or location.
 You see here a dagger.
 x - a dagger.
 Click!  The kitten triggers something.
 The boulder hits the kitten!
 You hear a loud crash as one boulder hits another!
 Click!  The kitten triggers something.
 The boulder misses the kitten.
 You hear a loud crash as one boulder sets another in motion!
 You find a hidden door.
 The door resists!
 The door resists!
 The door opens.
 You miss the little dog.
 The little dog bites!
 The little dog bites!
 In what direction?
 The spell misses the little dog.
 The little dog bites!
 In what direction?
 The spell misses the little dog.
 The little dog bites!
 The little dog bites!
 In what direction?
 The spell misses the little dog.
 The little dog bites!
 The little dog bites!
 You die...
 Do you want your possessions identified? [ynq] (y)

Inventory:
 Coins    ('$')
  $ - 62 gold pieces
 Weapons  (')')
  v - a blessed +0 dagger
  x - a +0 dagger
  a - a blessed +1 quarterstaff (weapon in hands)
 Armor    ('[')
  r - an uncursed +0 pair of jumping boots (being worn)
  b - an uncursed +0 cloak of magic resistance (being worn)
 Comestibles  ('%')
  s - 2 uncursed food rations
 Scrolls  ('?')
  k - a blessed scroll of confuse monster
  i - an uncursed scroll of magic mapping
  j - an uncursed scroll of scare monster
 Spellbooks  ('+')
  t - an uncursed spellbook of cure sickness
  m - an uncursed spellbook of detect monsters
  l - a blessed spellbook of force bolt
 Potions  ('!')
  h - a blessed potion of booze
  u - a cursed potion of enlightenment
  g - an uncursed potion of healing
  f - an uncursed potion of object detection
  w - an uncursed potion of water
 Rings    ('=')
  q - an uncursed +1 ring of gain strength
  e - an uncursed ring of searching
  d - an uncursed ring of sustain ability
 Wands    ('/')
  c - a wand of probing (0:6)
 Tools    ('(')
  o - an uncursed wooden harp
  n - a magic marker (0:22)

Eisengrim the Wizard's attributes:

Background:
 You were a Conjurer, a level 3 male elven Wizard.
 You were chaotic, nominally on a mission for Anhur
 who was opposed by Ptah (lawful) and Thoth (neutral).
 You were right-handed.
 You were in the Dungeons of Doom, on level 5.
 You entered the dungeon 1409 turns ago.
 It was nighttime.
 You had 70 experience points, 10 more were needed to attain level 4.

Basics:
 You had 0 out of 20 hit points.
 You had 6 out of 21 energy points (spell power).
 Your armor class was 8.
 Your wallet contained 62 zorkmids.
 Autopickup was off.

Final Characteristics:
 Your strength was 13 (limit:18).
 Your dexterity was 12 (limit:18).
 Your constitution was 13 (limit:16).
 Your intelligence was 19 (limit:20).
 Your wisdom was 10 (limit:20).
 Your charisma was 10 (limit:18).

Final Status:
 You were hungry.
 You were unencumbered.
 You were wielding a quarterstaff.
 You had basic skill with quarterstaff.

Final Attributes:
 You were devoutly aligned.
 You were magic-protected.
 You had infravision.
 You could jump.
 You were warded.
 You are dead.

Miscellaneous:
 You didn't encounter any bones levels.
 Total elapsed playing time was 7 minutes and 54 seconds.

Major events:
 Turn
    1: Eisengrim the chaotic male elven Wizard entered the dungeon
  953: attained the rank of Conjurer (level 3)
 1409: killed by a little dog

Spells:
 Name                 Level Category     Fail Retention
 force bolt             1   attack         0%  91%-100%
 detect monsters        1   divination     0%  76%-100%
 cure sickness          3   healing       72%  76%-100%

Skills:
 Fighting Skills
   bare handed combat [Unskilled]
   riding             [Unskilled]
 Weapon Skills
   dagger             [Unskilled]
   knife              [Unskilled]
   axe                [Unskilled]
   short sword        [Unskilled]
   club               [Unskilled]
   mace               [Unskilled]
   quarterstaff       [Basic]
   polearms           [Unskilled]
   spear              [Unskilled]
   trident            [Unskilled]
   sling              [Unskilled]
   dart               [Unskilled]
   shuriken           [Unskilled]
 Spellcasting Skills
   attack spells      [Basic]
   healing spells     [Unskilled]
   divination spells  [Unskilled]
   enchantment spells [Basic]
   clerical spells    [Unskilled]
   escape spells      [Unskilled]
   matter spells      [Unskilled]

Voluntary challenges:
 Character rerolling was not enabled.
 You were an atheist.
 You never genocided any monsters.
 You never polymorphed an object.
 You never changed form.
 You used no wishes.
Achievement:
 You attained the rank of Conjurer.

 The Dungeons of Doom: levels 1 to 5
    Level 1:
       Some fountains.
    Level 2:
    Level 3:
       Some fountains, a grave.
    Level 4:
       Some fountains.
    Level 5: <- You were here.
       Final resting place for
          you, killed by a little dog.


Vanquished creatures:
  a giant bat
  2 acid blobs
  a hobbit
  a manes
  a large kobold
  a hobgoblin
  4 jackals
  a fox
  a kobold
  a goblin
  a grid bug
  a bat
  2 lichens
  a kobold zombie
  2 newts
21 creatures vanquished.

No species were genocided or became extinct.

Game over:
                       ----------
                      /          \
                     /    REST    \
                    /      IN      \
                   /     PEACE      \
                  /                  \
                  |    Eisengrim     |
                  |      62 Au       |
                  |   killed by a    |
                  |    little dog    |
                  |                  |
                  |                  |
                  |       2026       |
                 *|     *  *  *      | *
        _________)/\\_//(\/(/\)/\//\/|_)_______

Goodbye Eisengrim the Wizard...

You died in The Dungeons of Doom on dungeon level 5 with 536 points,
and 62 pieces of gold, after 1409 moves.
You were level 3 with a maximum of 20 hit points when you died.

